 Dungeon Crawl Stone Soup version 0.20-a0-772-g73021bd (webtiles) character file.

85 Minion the Sneak (level 4, -7/29 HPs)
             Began as an Octopode Assassin on Feb 27, 2017.
             Mangled by Natasha (8 damage)
             ... on level 2 of the Dungeon.
             The game lasted 00:02:20 (1118 turns).

Minion the Sneak (Octopode Assassin)                Turns: 1118, Time: 00:02:21

Health: -7/29      AC:  1    Str: 10    XL:     4   Next: 48%
Magic:  4/4        EV: 14    Int: 13    God:
Gold:   96         SH:  0    Dex: 14    Spells: 3/3 levels left

rFire    . . .     SeeInvis .   a - +2 dagger
rCold    . . .     Gourm    .   (no shield)
rNeg     . . .     Faith    .   (helmet restricted)
rPois    .         Spirit   .   (no amulet)
rElec    .         Reflect  .   m - ring of teleportation (curse)
rCorr    .         Harm     .   (no ring)
MR       .....     Rnd*Tele +   (no ring)
Stlth    ++++......             (no ring)
Regen    0.1/turn               (no ring)
MPRegen  0.1/turn               (no ring)
                                (no ring)
                                (no ring)

@: no status effects
A: almost no armour, stealthy swim, amphibious, 8 rings, constrict 8, camouflage
1, gelatinous body 1
a: no special abilities


You were on level 2 of the Dungeon.
You were not hungry.

You visited 1 branch of the dungeon, and saw 3 of its levels.

You collected 96 gold pieces.

Inventory:

Hand Weapons
 a - a +2 dagger (weapon)
 b - a +0 blowgun
Missiles
 c - 17 poisoned needles
 d - 2 curare-tipped needles
Jewellery
 m - a cursed ring of teleportation (left tentacle)
Scrolls
 g - 2 scrolls of remove curse {unknown}
 i - a scroll of recharging {unknown}
 l - a scroll of identify {unknown}
 p - a scroll of enchant armour {unknown}
 q - a scroll of blinking {unknown}
Potions
 e - 2 potions of curing {unknown}
 h - 3 potions of heal wounds {unknown}
 j - 2 potions of brilliance {unknown}
 o - 2 potions of magic {unknown}
Comestibles
 f - a bread ration
 k - 7 fruits
 n - a chunk of flesh


   Skills:
 - Level 2.0 Fighting
 + Level 3.0 Short Blades
 - Level 2.0 Throwing
 + Level 2.4 Dodging
 + Level 6.4 Stealth


You had 3 spell levels left.
You didn't know any spells.

Dungeon Overview and Level Annotations

Branches:
Dungeon (3/15)

Altars:

Annotations:
D:2 Natasha


Innate Abilities, Weirdness & Mutations

You cannot wear most types of armour.
You are very stealthy in the water. (Stealth+)
You are amphibious.
You can wear up to eight rings at the same time.
You can use your tentacles to constrict eight enemies at once.
Your skin changes colour to match your surroundings (Stealth+).
Your rubbery body absorbs attacks. (AC +1, EV +1)


Message History

Robin is severely wounded.
You constrict Robin. The hobgoblin barely misses you.
Natasha hisses.
Natasha closely misses you.
You hit Robin.
Robin is almost dead.
You constrict Robin.
You kill Robin!
Your Short Blades skill increases to level 3!
The goblin no longer looks unusually strong.
Natasha howls an incantation.
Natasha glows brightly for a moment.
Natasha stares at you and mumbles some strange words.
You resist with some effort.
You closely miss Natasha. You grab Natasha.
You constrict Natasha, but do no damage.
The goblin hits you with a club.
* * * LOW HITPOINT WARNING * * *
Natasha claws you!
You die...

#.......#...........#
#.
#.......#...........#
#.
#####.#.#...........#
#. #
#)#...........####.
#.#..............#.
#.#..............#.
#g#..............#
#g#h.............#
#g@..............+
###..............#
############...# ...#
..# .#


You could see Natasha, a hobgoblin and 2 goblins.

Vanquished Creatures
  Robin (D:2)
  3 gnolls (D:2)
  An adder (D:2)
  A dart slug (D:2)
  4 bats (D:1)
  4 giant cockroaches
  5 goblins
  6 hobgoblins
  3 frilled lizards
  4 kobolds (D:1)
  6 rats
38 creatures vanquished.

Notes
Turn   | Place    | Note
-------+----------+-------------------------------------------
     0 | D:1      | Minion the Octopode Assassin began the quest for the Orb.
     0 | D:1      | Reached XP level 1. HP: 14/14 MP: 1/1
    23 | D:1      | Reached XP level 2. HP: 16/19 MP: 2/2
   571 | D:2      | Reached skill level 6 in Stealth
   571 | D:2      | Reached XP level 3. HP: 13/24 MP: 3/3
   862 | D:2      | You fall through a shaft!
  1011 | D:2      | Reached XP level 4. HP: 29/29 MP: 4/4
  1086 | D:2      | Noticed Natasha
  1095 | D:2      | Noticed Robin
  1115 | D:2      | HP: 1/29 [Robin/whip (4)]
  1117 | D:2      | Killed Robin
  1118 | D:2      | Mangled by Natasha

Vault maps used:
D:1:      scummos_arrival_star, minmay_misc_feat_cross
D:2:      uniq_natasha, uniq_robin, uniq_crazy_yiuf_cottage
D:3:      grunt_temple_overflow_open

Skill      XL: |  1  2  3  4 |
---------------+-------------+-----
Stealth        | 6 |  6.4
Dodging        | 2 |  2.4
Short Blades   | 3 |  3.0
Fighting       | |  2.0
Throwing       | |  2.0

Action                   |  1- 3 |  4- 6 || total
-------------------------+-------+-------++-------
Melee: Dagger            |    64 |    25 ||    89
       Tentacles         |    12 |     4 ||    16
       Constrict         |    18 |     7 ||    25
  Use: Scroll            |     3 |       ||     3
 Stab: Sleeping          |     4 |       ||     4
  Eat: Chunk             |       |     1 ||     1
Armor: Skin              |     7 |       ||     7
Dodge: Dodged            |    37 |     6 ||    43
